 Dungeon Crawl Stone Soup version 0.24.0-125-gc4c63601f3 (webtiles) character file.

Game seed: 13388681721668731964, levelgen mode: deterministic

9 DavidChitty2 the Skirmisher (level 2, 17/24 HPs)
             Began as a Demonspawn Abyssal Knight on Mar 9, 2020.
             Was an Initiate of Lugonu.
             Quit the game on level 1 of the Dungeon.
             The game lasted 00:00:28 (496 turns).

DavidChitty2 the Skirmisher (DsAK)                   Turns: 496, Time: 00:00:28

Health: 17/24      AC:  3    Str: 12    XL:     2   Next: 3%
Magic:  3/3        EV: 11    Int: 13    God:    Lugonu [......]
Gold:   13         SH:  0    Dex: 12    Spells: 1/1 levels left

rFire    . . .     SeeInvis .   a - +1 hand axe
rCold    . . .     Gourm    .   (no shield)
rNeg     . . .     Faith    .   b - +0 leather armour
rPois    .         Spirit   .   (no helmet)
rElec    .         Reflect  .   (no cloak)
rCorr    .         Harm     .   (no gloves)
MR       .....                  (no boots)
Stlth    +.........             (no amulet)
HPRegen  0.08/turn              (no ring)
MPRegen  0.08/turn              (no ring)

@: no status effects
A: claws 1
a: Renounce Religion


You were on level 1 of the Dungeon.
You worshipped Lugonu.
Lugonu was noncommittal.
You were not hungry.

You visited 1 branch of the dungeon, and saw 1 of its levels.
You visited the Abyss 1 time.

You collected 13 gold pieces.

Inventory:

Hand Weapons
 a - a +1 hand axe (weapon)
Armour
 b - a +0 leather armour (worn)
Scrolls
 c - a scroll of amnesia {unknown}
 g - a scroll of enchant armour {unknown}
 h - a scroll of teleportation {unknown}
Potions
 f - a potion of haste {unknown}
Comestibles
 d - 4 chunks of flesh
 e - a ration {!d}


   Skills:
 + Level 3.1 Fighting
 * Level 2.0 Axes
 + Level 1.9 Armour
 + Level 1.0 Dodging
 + Level 2.6 Invocations


You had one spell level left.
You didn't know any spells.
Your spell library was empty.

Dungeon Overview and Level Annotations

Branches:
Dungeon (1/15)

Altars:


Innate Abilities, Weirdness & Mutations

You have sharp fingernails.


Message History

You butcher the rat corpse.
d - 4 chunks of flesh (gained 1)
You see here a rat skeleton. x2
There is an open door here.
There is a large open door here.
There is a large open door here.
There is an open door here.
A bat comes into view.
A bat is nearby!
A bat is nearby!
A bat comes into view.
The bat hits you but does no damage.
A goblin comes into view.
The goblin shouts!
The bat closely misses you. The bat barely misses you.
The bat hits you but does no damage. x3
The bat hits you but does no damage. The bat hits you.
The goblin closely misses you.
You hit the goblin but do no damage. You hit the bat.
You kill the bat!
Lugonu accepts your kill. The bat misses you. The goblin misses you.
The bat closely misses you. The goblin barely misses you.
You closely miss the bat. You closely miss the goblin. The bat hits you.
The goblin barely misses you.
You barely miss the goblin. The bat hits you. The goblin hits you.
You hit the goblin.
You kill the goblin!
Lugonu accepts your kill.
You have reached level 2!
You feel monstrous as your demonic heritage exerts itself.
Your demonic ancestry asserts itself...
Your fingernails lengthen.
The bat closely misses you.
A bat is nearby!
You barely miss the bat. The bat hits you but does no damage.
You miss the bat. The bat hits you. The bat hits you.
You miss the bat. The bat hits you but does no damage.
You hit the bat. The bat closely misses you.
The bat hits you but does no damage. The bat hits you.
The bat closely misses you. The bat misses you.
Found a scroll labeled LOFFODDIRI.
You slash the bat!
You kill the bat!
Lugonu accepts your kill.
No target in view!
No target in view!

?...# ###
....#
...#####....
...........#
...........#
#.........#
#.........#
#.....@...#
#.........#
#.........#
#.........##
#........†.#
##########.##
#......#
#.####.# #.
#.#


There were no monsters in sight!

Vanquished Creatures
  A goblin (D:1)
  2 hobgoblins (D:1)
  2 jackals (D:1)
  2 bats (D:1)
  A rat (D:1)
8 creatures vanquished.

Notes
Turn   | Place    | Note
-------+----------+-------------------------------------------
     0 | Abyss:1  | DavidChitty2 the Demonspawn Abyssal Knight began the quest
                  | for the Orb.
     0 | Abyss:1  | Reached XP level 1. HP: 18/18 MP: 2/2
     0 | Abyss:1  | Found a corrupted altar of Lugonu.
    64 | Abyss:1  | Noticed an efreet
    65 | D:1      | Escaped the Abyss
   271 | D:1      | Reached skill level 1 in Dodging
   485 | D:1      | Gained mutation: You have sharp fingernails. [demonic
                  | ancestry]
   485 | D:1      | Reached XP level 2. HP: 19/24 MP: 3/3
   496 | D:1      | Quit the game

Levels and vault maps discovered:
D:1:      minmay_arrival_three_doors, layout_basic

Skill      XL: |  1 |
---------------+----+-----
Dodging        | 1 |  1.0
Axes           | 2 |  2.0
Fighting       | |  3.1
Armour         | |  1.9
Invocations    | |  2.6

Action                   || total
-------------------------++-------
Melee: Hand axe          ||    23
Invok: Depart the Abyss  ||     1
Armor: Leather armour    ||    12
Dodge: Dodged            ||    21
